 Dungeon Crawl Stone Soup version 0.32-a0-468-g38b2580 (webtiles) character file.

Game seed: 13330789842543966514

2272 Dorkslayer the Chopper (level 9, -6/66 HPs)
             Began as a Coglin Fighter on Feb 24, 2024.
             Was a Priest of Okawaru.
             Mangled by a gnoll
             ... wielding a +0 halberd
             ... led by a gnoll sergeant
              (8 damage)
             ... on level 7 of the Dungeon.
             The game lasted 00:16:39 (4174 turns).

Dorkslayer the Chopper (Coglin Fighter)             Turns: 4174, Time: 00:16:40

Health: -6/66      AC: 18    Str: 19    XL:     9   Next: 38%
Magic:  8/10       EV:  9    Int:  8    God:    Okawaru [***...]
Gold:   243        SH:  0    Dex: 15    Spells: 8/8 levels left

rFire   . . .        a - +0 war axe {Gisele}
rCold   . . .        i - +3 mace (heavy) {Juhanna}
rNeg    . . .        n - +0 plate armour
rPois   .            (no helmet)
rElec   .            r - +0 cloak
rCorr   .            (no gloves)
SInv    .            z - +1 pair of boots
Will    .....        (no amulet) Stlth
                     (ring unavailable)
HPRegen 0.31/turn    (ring unavailable)
MPRegen 0.12/turn

%: no passive effects
@: mighty, heroic, revved
A: off-hand wielding, slow wielding, warmup strikes, no rings
a: Renounce Religion, Heroism


You were on level 7 of the Dungeon.
You worshipped Okawaru.
Okawaru was most pleased with you.
You visited 1 branch of the dungeon, and saw 7 of its levels.

You collected 243 gold pieces.

Inventory:

Hand Weapons
 a - a +0 war axe (weapon) {Gisele}
 b - a +3 hand axe
 i - a +3 heavy mace (offhand) {Juhanna}
 k - a +0 hand axe
Missiles
 g - 6 silver javelins (quivered)
 x - a boomerang
Armour
 n - a +0 plate armour (worn)
 r - a +0 cloak (worn)
 z - a +1 pair of boots (worn)
Wands
 m - a wand of polymorph (9)
 t - a wand of flame (30)
Scrolls
 e - 2 scrolls of teleportation
 h - 3 scrolls of identify {unknown}
 j - 3 scrolls of poison {unknown}
 l - 2 scrolls of enchant armour {unknown}
 o - 2 scrolls of fear {unknown}
 s - a scroll of blinking {unknown}
 y - a scroll of silence {unknown}
Potions
 c - 2 potions of curing
 d - 2 potions of might
 f - a potion of cancellation {unknown}
 p - 2 potions of degeneration
 q - a potion of enlightenment {unknown}
 u - a potion of haste {unknown}
 v - a potion of mutation {unknown}
 w - 3 potions of lignification {unknown}


   Skills:
 + Level 4.3(9.3) Fighting
 + Level 5.6(11.4) Axes
 + Level 4.0(10.2) Maces & Flails
 * Level 3.7(8.7) Throwing
 + Level 4.8(9.8) Armour
 * Level 4.0(9.0) Dodging
 + Level 0.6(5.6) Stealth
 - Level 2.1(7.1) Shields
 * Level 2.4 Invocations
 * Level 4.7 Evocations


You had 8 spell levels left.
You didn't know any spells.
Your spell library contained the following spells:

 Spells                   Type           Power      Damage    Failure   Level
 Lesser Beckoning         Tloc           0%         N/A       100%        2
 Fugue of the Fallen      Necr           0%         N/A       100%        3
 Gell's Gravitas          Tloc           0%         N/A       100%        3
 Ozocubu's Armour         Ice            0%         N/A       100%        3
 Teleport Other           Tloc           0%         N/A       100%        3
 Manifold Assault         Tloc           0%         N/A       100%        4
 Borgnjor's Revivificati  Necr           0%         N/A       100%        8
 Death's Door             Necr           0%         N/A       100%        9
 Haunt                    Necr/Summ      Unusable   N/A       N/A         7

Dungeon Overview and Level Annotations

Branches:
Dungeon (7/15)             Temple (0/1) D:5

Altars:
Cheibriados
Makhleb
Okawaru
Trog
Wu Jian


Innate Abilities, Weirdness & Mutations

You can wield a second weapon in your off-hand.
It takes a long time for you to wield or remove held weapons.
Your first few attacks do less damage.
Your grasper-arms cannot wear rings.


Message History

You sock the killer bee with your +3 heavy mace!
You kill the killer bee!
Okawaru accepts your kill.
The gnoll sergeant hits you but does no damage.
The gnoll barely misses you.
Your base Maces & Flails skill increases to level 4!
Your Dodging skill increases to level 4!
The gnoll sergeant closely misses you. The gnoll hits you but does no damage.
Items here: )) ††††.
You thump the gnoll sergeant with your +3 heavy mace!
The gnoll sergeant is heavily wounded.
The gnoll sergeant blocks your attack.
The gnoll sergeant hits you but does no damage.
The gnoll hits you but does no damage.
The gnoll hits you from afar with a +0 halberd.
The gnoll sergeant hits you but does no damage.
The gnoll hits you but does no damage.
The gnoll hits you from afar with a +0 halberd!
* * * LOW HITPOINT WARNING * * *
You slash the gnoll sergeant with your +0 war axe!
The gnoll sergeant is almost dead.
You sock the gnoll sergeant with your +3 heavy mace!
You kill the gnoll sergeant!
Okawaru accepts your kill.
You can now speed up your combat.
The gnoll hits you but does no damage. x2
Unknown command.
Okay, then.
You gain the combat prowess of a mighty hero.
You can no longer speed up your combat.
The gnoll hits you but does no damage. x2; The gnoll barely misses you.
You sock the gnoll with your +3 heavy mace!
You kill the gnoll!
Okawaru accepts your kill. The gnoll hits you but does no damage.
The gnoll closely misses you.
The gnoll hits you from afar with a +0 spear.
* * * LOW HITPOINT WARNING * * *
The gnoll hits you with a +0 spear!
* * * LOW HITPOINT WARNING * * *
The gnoll hits you from afar with a +0 halberd!
You die...

#.......#
###.#.#...#
#.#... #
#####.####...
#...........# ##
#.###.#######..#
#.....# ###..####
#.#.#o###g......#
#.#.#$g)@........
# #.#####........
#.# #........ #.#
#........ #.#
#........ #.
#........
#........
#.......#


You could see an orc warrior and 2 gnolls.

Vanquished Creatures
  Pikel (D:5)
  Menkaure (D:6)
  A water moccasin (D:7)
  2 black bears
  3 ogres
  A centaur (D:7)
  Blork the orc (D:5)
  A bullfrog (D:6)
  A gnoll sergeant (D:7)
  3 scorpions
  4 killer bees (D:7)
  2 bombardier beetles
  A jelly (D:6)
  2 orc priests (D:5)
  Crazy Yiuf (D:3)
  2 hounds
  An iguana (D:5)
  A sleepcap (D:7)
  3 orc wizards (D:5)
  4 gnolls
  6 adders
  A shadow imp (D:4)
  5 ufetubi (D:6)
  3 dart slugs
  3 ribbon worms
  11 orcs
  7 ball pythons
  3 bats
  6 endoplasms
  8 goblins
  4 hobgoblins
  8 kobolds
  4 quokkas
  13 frilled lizards
  6 rats
124 creatures vanquished.

Notes
Turn   | Place    | Note
-------+----------+-------------------------------------------
     0 | D:1      | Dorkslayer the Coglin Fighter began the quest for the Orb.
     0 | D:1      | Reached XP level 1. HP: 18/18 MP: 1/1
    86 | D:1      | Reached XP level 2. HP: 22/24 MP: 2/2
   290 | D:1      | Found a faded altar of an unknown god.
   396 | D:1      | Reached skill level 1 in Dodging
   599 | D:2      | Reached XP level 3. HP: 29/29 MP: 3/3
   953 | D:2      | Reached skill level 1 in Throwing
   954 | D:2      | Reached XP level 4. HP: 35/35 MP: 4/4
  1799 | D:3      | Found a runed translucent door.
  1800 | D:3      | Noticed Crazy Yiuf
  1804 | D:3      | Killed Crazy Yiuf
  1805 | D:3      | Reached skill level 1 in Maces & Flails
  1805 | D:3      | Reached XP level 5. HP: 41/41 MP: 5/5
  2091 | D:4      | Noticed an ogre
  2108 | D:4      | Killed an ogre
  2109 | D:4      | Reached skill level 3 in Axes
  2109 | D:4      | Reached XP level 6. HP: 17/47 MP: 6/6
  2243 | D:4      | Found an iron altar of Okawaru.
  2268 | D:4      | Noticed a black bear
  2278 | D:4      | Killed a black bear
  2300 | D:4      | Became a worshipper of Warmaster Okawaru
  2426 | D:4      | Found an ornate altar of the Wu Jian Council.
  2743 | D:4      | Found a bloodstained altar of Trog.
  2920 | D:5      | Entered Level 5 of the Dungeon
  2925 | D:5      | Reached XP level 7. HP: 46/53 MP: 7/7
  2970 | D:5      | Reached skill level 1 in Evocations
  3048 | D:5      | Noticed Pikel
  3060 | D:5      | Killed Pikel
  3060 | D:5      | Reached * piety under Okawaru
  3060 | D:5      | Reached ** piety under Okawaru
  3061 | D:5      | Reached skill level 4 in Axes
  3061 | D:5      | Reached skill level 1 in Invocations
  3061 | D:5      | Reached XP level 8. HP: 48/60 MP: 7/9
  3072 | D:5      | Found a staircase to the Ecumenical Temple.
  3476 | D:5      | Noticed Blork the orc
  3481 | D:5      | Killed Blork the orc
  3532 | D:6      | Found a burning altar of Makhleb.
  3636 | D:6      | Found a snail-covered altar of Cheibriados.
  3841 | D:6      | Noticed Menkaure
  3852 | D:6      | Killed Menkaure
  3852 | D:6      | Reached *** piety under Okawaru
  3853 | D:6      | Reached skill level 5 in Axes
  3854 | D:6      | Reached XP level 9. HP: 22/65 MP: 10/10
  4171 | D:7      | Reached **** piety under Okawaru
  4174 | D:7      | HP: 2/66 [gnoll/+0 spear[a gnoll sergeant] (7)]
  4174 | D:7      | Mangled by a gnoll

Illustrated notes

Levels and vault maps discovered:
D:1:      dpeg_arrival_leaves_temple_mockup, layout_basic,
          chequers_ecumenical_altar_simple_redux, minmay_indecisive_spiral
D:2:      layout_loops_ring, minmay_lizard_king
D:3:      layout_loops_ring, minmay_misc_feat_tower, serial_park_tiny_2,
          uniq_crazy_yiuf_cottage
D:4:      layout_basic, mainiacjoe_overflow_alcove_2, okawaru_ov_weapons_minmay,
          nzn_wu_jian_contemplation
D:5:      layout_rooms, minmay_temple_entry_tees, uniq_pikel, uniq_blork_the_orc
D:6:      layout_gridville, mainiacjoe_overflow_paths, slow_altar_1,
          uniq_menkaure
D:7:      layout_basic, grunt_gozag_statues, cheibrodos_ashenzari_chains

Skill      XL: |  1  2  3  4  5  6  7  8  9 |
---------------+----------------------------+-----
Dodging        | 1 2 3 4 |  4.0
Armour         | 3 4 |  4.8
Throwing       | 1 2 3 |  3.7
Maces & Flails | 1 2 3 4 |  4.0
Axes           | 3 4 5 |  5.6
Evocations     | 2 4 |  4.7
Invocations    | 1 2 |  2.4
Fighting       | 4 |  4.3
Stealth        | |  0.6
Shields        | |  2.1

Action                     |  1- 3 |  4- 6 |  7- 9 || total
---------------------------+-------+-------+-------++-------
  Melee: War axe           |    53 |    50 |    71 ||   174
         Short sword       |    12 |       |       ||    12
         Mace              |    36 |    52 |    74 ||   162
  Throw: Javelin           |       |     1 |     2 ||     3
 Invoke: Heroism           |       |       |     1 ||     1
    Use: Scroll            |       |     1 |       ||     1
         Potion            |       |       |     5 ||     5
 Armour: Scale mail        |    55 |    15 |       ||    70
         Plate armour      |       |    42 |   147 ||   189
  Dodge: Dodged            |    29 |    24 |    59 ||   112

Table legend: (Time is in decaauts)
 A = Elapsed time spent in this place.
 B = Non-inter-level travel time spent in this place.
 C = Inter-level travel time spent in this place.
 D = Time resting spent in this place.
 E = Time spent auto-exploring this place.
 F = Levels seen in this place.
 G = Mean time per level.
                   A        B        C        D        E       F      G
               +--------+--------+--------+--------+--------+-----+--------+
         Total |   4284 |   4284 |      0 |      0 |   2393 |   7 |  612.0 |
       Dungeon |   4284 |   4284 |      0 |      0 |   2393 |   7 |  612.0 |
               +--------+--------+--------+--------+--------+-----+--------+

Top non-repeatable levels by time:
     D:4: 1000 daAuts
     D:2: 800 daAuts
     D:5: 632 daAuts
     D:1: 607 daAuts
     D:3: 580 daAuts
     D:6: 561 daAuts
     D:7: 101 daAuts
